SA
ATHLETIC CLUB KC U-21 @ BELLEVUE BRUINS
08/10/2030
 
TOP OF THE 1ST
Athletic Club KC U-21 batting - Pitching for Bellevue Bruins : RHP Kewiki Pua
Pitching: RHP Kewiki Pua
Batting: LHB José Antonio Mireles 0-0: Called Strike
0-1: Foul Ball, location: 2F
0-2: Ball
1-2: Strikes out swinging
Batting: LHB Loo Liu 0-0: Called Strike
0-1: Swinging Strike
0-2: Ball
1-2: Fly out, F3 (Popup, 34)
Batting: RHB Mario Truxillo 0-0: Fly out, F4 (Flyball, 4D)
Top of the 1st over - 0 runs, 0 hits, 0 errors, 0 left on base; Athletic Club KC 0 - Bellevue 0
BOTTOM OF THE 1ST
Bellevue Bruins batting - Pitching for Athletic Club KC U-21 : RHP Kamisese Alohinani
Pitching: RHP Kamisese Alohinani
Batting: LHB Atro Jarvilehto 0-0: Called Strike
0-1: Ball
1-1: SINGLE (Line Drive, 8LS)
Batting: RHB Ryan Faulkner 0-0: Ball
1-0: Called Strike
1-1: Called Strike
Atro Jarvilehto is caught stealing 2nd base
1-2: Foul Ball, location: 2F
1-2: Ball
2-2: Ball
3-2: Strikes out swinging wild pitch, reaches first!
Batting: SHB Aurelio Jiménez 0-0: Called Strike
0-1: Called Strike
0-2: Ball
1-2: Foul Ball, location: 2F
1-2: Ball
2-2: Foul Ball, location: 2F
2-2: Ball
3-2: Fly out, F3 (Line Drive, 3)
Batting: SHB Jorge Ayala 0-0: Fly out, F8 (Flyball, 8LS)
Bottom of the 1st over - 0 runs, 1 hit, 0 errors, 1 left on base; Athletic Club KC 0 - Bellevue 0
TOP OF THE 2ND
Athletic Club KC U-21 batting - Pitching for Bellevue Bruins : RHP Kewiki Pua
Batting: RHB Abeni Mbanefo 0-0: Ground out 4-3 (Groundball, 34)
Batting: RHB Miguel Rodríguez 0-0: Foul Ball, location: 2F
0-1: Ball
1-1: Foul Ball, location: 2F
1-2: Ball
2-2: Fly out, F9 (Flyball, 9S)
Batting: RHB David Lozano 0-0: Swinging Strike
0-1: Ball
1-1: Called Strike
1-2: Ball
2-2: Foul Ball, location: 2F
2-2: Foul Ball, location: 2F
2-2: Strikes out swinging
Top of the 2nd over - 0 runs, 0 hits, 0 errors, 0 left on base; Athletic Club KC 0 - Bellevue 0
BOTTOM OF THE 2ND
Bellevue Bruins batting - Pitching for Athletic Club KC U-21 : RHP Kamisese Alohinani
Batting: RHB Oki Hai 0-0: Called Strike
0-1: Ground out 6-3 (Groundball, 6)
Batting: SHB Ken Paige 0-0: Ball
1-0: Called Strike
1-1: Ground out 6-3 (Groundball, 6)
Batting: SHB Jin-yong Ch'oe 0-0: Ball
1-0: Ball
2-0: Ball
3-0: Called Strike
3-1: Base on Balls
Batting: RHB Melvin Daniels 0-0: Ball
Jin-yong Ch'oe is caught stealing 2nd base
Bottom of the 2nd over - 0 runs, 0 hits, 0 errors, 0 left on base; Athletic Club KC 0 - Bellevue 0
TOP OF THE 3RD
Athletic Club KC U-21 batting - Pitching for Bellevue Bruins : RHP Kewiki Pua
Batting: RHB Jihan Tuah 0-0: Swinging Strike
0-1: Fly out, F9 (Flyball, 89S)
Batting: RHB John Ricks 0-0: Ball
1-0: Swinging Strike
1-1: Ball
2-1: Ball
3-1: Called Strike
3-2: Strikes out swinging
Batting: RHB Francisco Vigil 0-0: Ball
1-0: Called Strike
1-1: Ball
2-1: Swinging Strike
2-2: Strikes out swinging
Top of the 3rd over - 0 runs, 0 hits, 0 errors, 0 left on base; Athletic Club KC 0 - Bellevue 0
BOTTOM OF THE 3RD
Bellevue Bruins batting - Pitching for Athletic Club KC U-21 : RHP Kamisese Alohinani
Batting: RHB Melvin Daniels 0-0: Swinging Strike
0-1: Foul Ball, location: 2F
0-2: Strikes out swinging
Batting: RHB Dennis Shaw 0-0: Ball
1-0: Called Strike
1-1: Foul Ball, location: 2F
1-2: Ball
2-2: Foul Ball, location: 2F
2-2: Strikes out swinging
Batting: LHB Atro Jarvilehto 0-0: Called Strike
0-1: Called Strike
0-2: Ball
1-2: Ball
2-2: Fly out, F4 (Popup, 23)
Bottom of the 3rd over - 0 runs, 0 hits, 0 errors, 0 left on base; Athletic Club KC 0 - Bellevue 0
TOP OF THE 4TH
Athletic Club KC U-21 batting - Pitching for Bellevue Bruins : RHP Kewiki Pua
Batting: LHB José Antonio Mireles 0-0: Ground out 4-3 (Groundball, 4)
Batting: LHB Loo Liu 0-0: Called Strike
0-1: Ball
1-1: Foul Ball, location: 2F
1-2: Strikes out swinging
Batting: RHB Mario Truxillo 0-0: Called Strike
0-1: Foul Ball, location: 2F
0-2: Ball
1-2: Foul Ball, location: 2F
1-2: Strikes out looking
Top of the 4th over - 0 runs, 0 hits, 0 errors, 0 left on base; Athletic Club KC 0 - Bellevue 0
BOTTOM OF THE 4TH
Bellevue Bruins batting - Pitching for Athletic Club KC U-21 : RHP Kamisese Alohinani
Batting: RHB Ryan Faulkner 0-0: Swinging Strike
0-1: Foul Ball, location: 2F
0-2: Strikes out looking
Batting: SHB Aurelio Jiménez 0-0: Ball
1-0: Fly out, F1 (Popup, 15)
Batting: SHB Jorge Ayala 0-0: Ball
1-0: Fly out, F8 (Flyball, 8LS)
Bottom of the 4th over - 0 runs, 0 hits, 0 errors, 0 left on base; Athletic Club KC 0 - Bellevue 0
TOP OF THE 5TH
Athletic Club KC U-21 batting - Pitching for Bellevue Bruins : RHP Kewiki Pua
Batting: RHB Abeni Mbanefo 0-0: Foul Ball, location: 2F
0-1: Fly out, F7 (Flyball, 7D)
Batting: RHB Miguel Rodríguez 0-0: Ball
1-0: Called Strike
1-1: Called Strike
1-2: Foul Ball, location: 2F
1-2: Ball
2-2: SOLO HOME RUN (Flyball, 7D), Distance : 392 ft
Batting: RHB David Lozano 0-0: SINGLE (Line Drive, 8LS)
Batting: RHB Jihan Tuah 0-0: Ball
1-0: DOUBLE (Line Drive, 78XD)
David Lozano to third
Runner from 3rd tries for Home, SAFE, no throw
Batting: RHB John Ricks 0-0: Called Strike
0-1: Ball
1-1: Called Strike
1-2: Ball
2-2: Foul Ball, location: 2F
2-2: Strikes out swinging
Batting: RHB Francisco Vigil 0-0: Called Strike
0-1: Ball
1-1: Ball
2-1: Ground out 6-3 (Groundball, 6)
Top of the 5th over - 2 runs, 3 hits, 0 errors, 1 left on base; Athletic Club KC 2 - Bellevue 0
BOTTOM OF THE 5TH
Bellevue Bruins batting - Pitching for Athletic Club KC U-21 : RHP Kamisese Alohinani
Batting: RHB Oki Hai 0-0: Fly out, F9 (Flyball, 89M)
Batting: SHB Ken Paige 0-0: Called Strike
0-1: Swinging Strike
0-2: Ball
1-2: Ball
2-2: Foul Ball, location: 2F
2-2: Fly out, F4 (Popup, 4MD)
Batting: SHB Jin-yong Ch'oe 0-0: Ball
1-0: Ball
2-0: Called Strike
2-1: Fly out, F7 (Flyball, 7)
Bottom of the 5th over - 0 runs, 0 hits, 0 errors, 0 left on base; Athletic Club KC 2 - Bellevue 0
TOP OF THE 6TH
Athletic Club KC U-21 batting - Pitching for Bellevue Bruins : RHP Kewiki Pua
Batting: LHB José Antonio Mireles 0-0: Ball
1-0: Called Strike
1-1: Swinging Strike
1-2: Strikes out looking
Batting: LHB Loo Liu 0-0: Called Strike
0-1: Fly out, F7 (Line Drive, 7D)
Batting: RHB Mario Truxillo 0-0: Ball
1-0: Called Strike
1-1: Ball
2-1: Ball
3-1: Base on Balls
Batting: RHB Abeni Mbanefo 0-0: Ball
1-0: Foul Ball, location: 2F
1-1: Foul Ball, location: 2F
1-2: Strikes out swinging
Top of the 6th over - 0 runs, 0 hits, 0 errors, 1 left on base; Athletic Club KC 2 - Bellevue 0
BOTTOM OF THE 6TH
Bellevue Bruins batting - Pitching for Athletic Club KC U-21 : RHP Kamisese Alohinani
Batting: RHB Melvin Daniels 0-0: Ball
1-0: Ball
2-0: Ball
3-0: Called Strike
3-1: Ground out 6-3 (Groundball, 56)
Batting: RHB Dennis Shaw 0-0: Called Strike
0-1: Ball
1-1: Ground out 6-3 (Groundball, 6)
Batting: LHB Atro Jarvilehto 0-0: Called Strike
0-1: Ball
1-1: Fly out, F7 (Flyball, 7)
Bottom of the 6th over - 0 runs, 0 hits, 0 errors, 0 left on base; Athletic Club KC 2 - Bellevue 0
TOP OF THE 7TH
Athletic Club KC U-21 batting - Pitching for Bellevue Bruins : RHP Kewiki Pua
Batting: RHB Miguel Rodríguez 0-0: Fly out, F7 (Flyball, 78S)
Batting: RHB David Lozano 0-0: Ball
1-0: Called Strike
1-1: DOUBLE (Line Drive, 9D)
Batting: RHB Jihan Tuah 0-0: Intentional Walk
Pinch Hitting: LHB Miguel Vásquez 0-0: Ball
1-0: Swinging Strike
1-1: Ball
2-1: Foul Ball, location: 2F
2-2: Ball
3-2: Fly out, F7 (Line Drive, 78M)
Batting: RHB Francisco Vigil 0-0: Swinging Strike
0-1: Ground out 5-3 (Groundball, 56S)
Top of the 7th over - 0 runs, 1 hit, 0 errors, 2 left on base; Athletic Club KC 2 - Bellevue 0
BOTTOM OF THE 7TH
Bellevue Bruins batting - Pitching for Athletic Club KC U-21 : RHP Kamisese Alohinani
Now at 2B: Miguel Vásquez
Batting: RHB Ryan Faulkner 0-0: Ball
1-0: Called Strike
1-1: Ball
2-1: Called Strike
2-2: Ball
3-2: Ground out 5-3 (Groundball, 56)
Batting: SHB Aurelio Jiménez 0-0: Ball
1-0: Ball
2-0: Ball
3-0: Base on Balls
Batting: SHB Jorge Ayala 0-0: Ball
1-0: Foul Ball, location: 2F
1-1: Fielders Choice at 2nd, 4-6 (Groundball, 4)
Batting: RHB Oki Hai 0-0: Fly out, F3 (Popup, 23F)
Bottom of the 7th over - 0 runs, 0 hits, 0 errors, 1 left on base; Athletic Club KC 2 - Bellevue 0
TOP OF THE 8TH
Athletic Club KC U-21 batting - Pitching for Bellevue Bruins : RHP Kewiki Pua
Batting: LHB José Antonio Mireles 0-0: Called Strike
0-1: Fly out, F5 (Popup, 5F)
Batting: LHB Loo Liu 0-0: Ball
1-0: Fly out, F8 (Line Drive, 8LM)
Batting: RHB Mario Truxillo 0-0: Ground out 6-3 (Groundball, 6M)
Top of the 8th over - 0 runs, 0 hits, 0 errors, 0 left on base; Athletic Club KC 2 - Bellevue 0
BOTTOM OF THE 8TH
Bellevue Bruins batting - Pitching for Athletic Club KC U-21 : RHP Kamisese Alohinani
Now in LF: José Torres
Batting: SHB Ken Paige 0-0: Called Strike
0-1: Ball
1-1: Ground out 4-3 (Groundball, 4)
Pitching: RHP Taalay Ibragimov
Batting: SHB Jin-yong Ch'oe 0-0: Called Strike
0-1: Hit by Pitch
Batting: RHB Melvin Daniels 0-0: Ball
1-0: Foul Ball, location: 2F
1-1: Foul Ball, location: 2F
1-2: Foul Ball, location: 2F
1-2: Ball
2-2: Grounds into double play, 4-6-3 (Groundball, 4)
Bottom of the 8th over - 0 runs, 0 hits, 0 errors, 0 left on base; Athletic Club KC 2 - Bellevue 0
TOP OF THE 9TH
Athletic Club KC U-21 batting - Pitching for Bellevue Bruins : RHP Kewiki Pua
Batting: RHB José Torres 0-0: Ball
1-0: Called Strike
1-1: Fly out, F8 (Flyball, 8LM)
Batting: RHB Miguel Rodríguez 0-0: Ball
1-0: Swinging Strike
1-1: Called Strike
1-2: Foul Ball, location: 2F
1-2: Ball
2-2: Fly out, F4 (Line Drive, 4)
Batting: RHB David Lozano 0-0: Called Strike
0-1: Foul Ball, location: 2F
0-2: Foul Ball, location: 2F
0-2: Foul Ball, location: 2F
0-2: Ball
1-2: Ball
2-2: Ball
3-2: Strikes out swinging
Top of the 9th over - 0 runs, 0 hits, 0 errors, 0 left on base; Athletic Club KC 2 - Bellevue 0
BOTTOM OF THE 9TH
Bellevue Bruins batting - Pitching for Athletic Club KC U-21 : RHP Taalay Ibragimov
Pitching: RHP León Marinero
Batting: RHB Dennis Shaw 0-0: Called Strike
0-1: Swinging Strike
0-2: Hit by Pitch
Batting: LHB Atro Jarvilehto 0-0: Called Strike
0-1: Foul Ball, location: 2F
0-2: Ball
1-2: SINGLE (Line Drive, 56D)
Dennis Shaw to second
Batting: RHB Ryan Faulkner 0-0: Ball
1-0: Sac Bunt - play at third, runner OUT! 1-5
Atro Jarvilehto to second
Batting: SHB Aurelio Jiménez 0-0: Foul Ball, location: 2F
0-1: Ball
1-1: Fly out, F4 (Line Drive, 4M)
Pinch Hitting: SHB Júlio Morín Jr. 0-0: Foul Ball, location: 2F
0-1: Swinging Strike
0-2: Strikes out looking
Bottom of the 9th over - 0 runs, 1 hit, 0 errors, 2 left on base; Athletic Club KC 2 - Bellevue 0
Sunday, March 18th, 2018 - OOTP Baseball 18.8 Build 76